 Dungeon Crawl Stone Soup version 0.24-a0-275-g6f7e2cb (webtiles) character file.

Game seed: 18357433186444765383

226 Dipylidium the Fighter (level 6, -5/57 HPs)
             Began as a Gnoll Wanderer on Apr 27, 2019.
             Slain by an orc priest
             ... wielding a +0 mace
              (8 damage)
             ... on level 4 of the Dungeon.
             The game lasted 00:04:46 (3015 turns).

Dipylidium the Fighter (Gnoll Wanderer)             Turns: 3015, Time: 00:04:48

Health: -5/57      AC:  3    Str: 18    XL:     6   Next: 1%
Magic:  8/8        EV:  7    Int: 13    God:
Gold:   123        SH: 12    Dex: 14    Spells: 8/8 levels left

rFire    . . .     SeeInvis .   d - +0 hand axe
rCold    . . .     Gourm    .   i - +0 large shield
rNeg     . . .     Faith    +   r - +0 leather armour
rPois    .         Spirit   .   (no helmet)
rElec    .         Reflect  .   (no cloak)
rCorr    +         Harm     .   (no gloves)
MR       .....                  (no boots)
Stlth    ++........             m - amulet of faith
HPRegen  0.19/turn              j - ring of resist corrosion
MPRegen  0.11/turn              (no ring)

@: no status effects
A: distributed training, fangs 1, strong nose
a: no special abilities


You were on level 4 of the Dungeon.
You were not hungry.

You visited 1 branch of the dungeon, and saw 4 of its levels.

You collected 123 gold pieces.

Inventory:

Hand Weapons
 a - a +2 blowgun
 c - a +0 mace
 d - a +0 hand axe (weapon)
Missiles
 b - 4 curare-tipped needles
 t - 15 poisoned needles
Armour
 i - a +0 large shield (worn)
 r - a +0 leather armour (worn)
Jewellery
 j - a ring of resist corrosion (left hand)
 m - an amulet of faith (around neck)
Scrolls
 g - a scroll of noise {unknown}
 h - a scroll of teleportation {unknown}
 n - a scroll of random uselessness {unknown}
 s - a scroll of fear {unknown}
Potions
 e - a potion of agility
 k - a potion of might
 o - 2 potions of curing
 q - a potion of flight
 u - a potion of ambrosia {unknown}
Comestibles
 f - 7 rations


   Skills:
 + Level 8.7 Fighting
 + Level 1.7 Short Blades
 + Level 1.7 Long Blades
 + Level 4.9 Axes
 + Level 1.7 Maces & Flails
 + Level 1.7 Polearms
 + Level 1.7 Staves
 + Level 1.7 Slings
 + Level 3.1 Bows
 + Level 1.7 Crossbows
 + Level 3.1 Throwing
 + Level 3.1 Armour
 + Level 1.7 Dodging
 + Level 2.9 Stealth
 + Level 1.7 Shields
 + Level 1.7 Unarmed Combat
 + Level 1.7 Spellcasting
 + Level 1.3 Conjurations
 + Level 1.3 Hexes
 + Level 1.3 Charms
 + Level 1.3 Summonings
 + Level 1.3 Necromancy
 + Level 1.3 Translocations
 + Level 1.3 Transmutations
 + Level 1.3 Fire Magic
 + Level 1.3 Ice Magic
 + Level 1.3 Air Magic
 + Level 1.3 Earth Magic
 + Level 1.3 Poison Magic
 + Level 1.9 Invocations
 + Level 1.7 Evocations


You had 8 spell levels left.
You didn't know any spells.
Your spell library was empty.

Dungeon Overview and Level Annotations

Branches:
Dungeon (4/15)
 Temple: D:4-7

Altars:
Cheibriados
Kikubaaqudgha
The Shining One


Innate Abilities, Weirdness & Mutations

Your experience applies equally to all skills.
You have very sharp teeth.
Your uncanny sense of smell can sniff out nearby items.


Message History

You have reached level 6!
Your experience leads to an increase in your attributes!
Increase (S)trength, (I)ntelligence, or (D)exterity?
You feel stronger.
You feel a bit more experienced.
The orc priest invokes the aid of Beogh against you.
You barely resist.
The orc priest hits you but does no damage.
Items here: )) [ †† a +0 dagger; a +0 robe; a +0 flail; an orc corpse x2
You slash the orc priest!
The orc priest is heavily wounded.
You block the orc priest's attack.
You hit the orc priest.
The orc priest is heavily wounded.
The orc priest calls down the wrath of Beogh upon you.
Beogh smites you!
* * * LOW HITPOINT WARNING * * *
The orc priest hits you with a +0 mace!
You die...

.#.....#
#.......#.#.#.###.#.#
.#######
#####.###.#.#.......# .
#.# #...........### #.#
###.#.#####.... #.#
#.#.# #.... #. #)#.#
#..## #. #.#.#####..#
######.#####.#........#
....<.o@.....#######..#
############.# #..# #.#
#..# #.# #..# #.# #..#
### ##.# .#


You could see an orc priest.

Vanquished Creatures
  A hound (D:4)
  2 orc wizards (D:4)
  A worker ant zombie (D:4)
  3 adders
  3 gnolls (D:3)
  2 worms
  4 dart slugs
  A leopard gecko (D:1)
  4 orcs
  3 giant cockroaches
  6 goblins
  8 hobgoblins
  A quokka (D:3)
  A ball python (D:2)
  2 bats
  4 frilled lizards (D:1)
  11 kobolds
  6 rats
63 creatures vanquished.

Notes
Turn   | Place    | Note
-------+----------+-------------------------------------------
     0 | D:1      | Dipylidium the Gnoll Wanderer began the quest for the Orb.
     0 | D:1      | Dipylidium set off with the following items: a +2 blowgun,
                  | 4 curare-tipped needles, a +0 mace, a +0 hand axe, a +0
                  | robe, a ration
     0 | D:1      | Reached XP level 1. HP: 26/26 MP: 1/1
   119 | D:1      | Reached XP level 2. HP: 32/33 MP: 2/2
   807 | D:2      | Reached XP level 3. HP: 35/38 MP: 3/3
  1151 | D:2      | Reached skill level 1 in Invocations
  1160 | D:2      | Reached skill level 1 in Short Blades
  1160 | D:2      | Reached skill level 1 in Long Blades
  1160 | D:2      | Reached skill level 1 in Maces & Flails
  1160 | D:2      | Reached skill level 1 in Polearms
  1160 | D:2      | Reached skill level 1 in Staves
  1160 | D:2      | Reached skill level 1 in Slings
  1160 | D:2      | Reached skill level 1 in Crossbows
  1160 | D:2      | Reached skill level 1 in Dodging
  1160 | D:2      | Reached skill level 1 in Shields
  1160 | D:2      | Reached skill level 1 in Unarmed Combat
  1160 | D:2      | Reached skill level 1 in Spellcasting
  1160 | D:2      | Reached skill level 1 in Evocations
  1399 | D:2      | Reached XP level 4. HP: 45/45 MP: 5/5
  1644 | D:2      | Found a glowing golden altar of the Shining One.
  2079 | D:3      | Reached skill level 1 in Conjurations
  2079 | D:3      | Reached skill level 1 in Hexes
  2079 | D:3      | Reached skill level 1 in Charms
  2079 | D:3      | Reached skill level 1 in Summonings
  2079 | D:3      | Reached skill level 1 in Necromancy
  2079 | D:3      | Reached skill level 1 in Translocations
  2079 | D:3      | Reached skill level 1 in Transmutations
  2079 | D:3      | Reached skill level 1 in Fire Magic
  2079 | D:3      | Reached skill level 1 in Ice Magic
  2079 | D:3      | Reached skill level 1 in Air Magic
  2079 | D:3      | Reached skill level 1 in Earth Magic
  2079 | D:3      | Reached skill level 1 in Poison Magic
  2310 | D:3      | Found an ancient bone altar of Kikubaaqudgha.
  2311 | D:3      | Found a snail-covered altar of Cheibriados.
  2321 | D:3      | Reached XP level 5. HP: 35/51 MP: 6/6
  3012 | D:4      | Reached XP level 6. HP: 15/57 MP: 8/8
  3015 | D:4      | Slain by an orc priest

Levels and vault maps discovered:
D:1:      tarquinn_simple_flora_water_a, layout_loops_ring, minmay_crystal_room
D:2:      layout_loops_corners, st_stairs_4, chequers_serial_rivers_small_a,
          nicolae_tso_swordbearing_angel
D:3:      layout_rooms, chequers_temple_overflow_statue_of_worship, first_ration
D:4:      layout_basic, minmay_temple_entry_proselytizer

Skill      XL: |  1  2  3  4  5 |
---------------+----------------+-----
Invocations    | 1 |  1.9
Short Blades   | 1 |  1.7
Long Blades    | 1 |  1.7
Maces & Flails | 1 |  1.7
Polearms       | 1 |  1.7
Staves         | 1 |  1.7
Slings         | 1 |  1.7
Crossbows      | 1 |  1.7
Dodging        | 1 |  1.7
Shields        | 1 |  1.7
Unarmed Combat | 1 |  1.7
Spellcasting   | 1 |  1.7
Evocations     | 1 |  1.7
Conjurations   | 1 |  1.3
Hexes          | 1 |  1.3
Charms         | 1 |  1.3
Summonings     | 1 |  1.3
Necromancy     | 1 |  1.3
Translocations | 1 |  1.3
Transmutations | 1 |  1.3
Fire Magic     | 1 |  1.3
Ice Magic      | 1 |  1.3
Air Magic      | 1 |  1.3
Earth Magic    | 1 |  1.3
Poison Magic   | 1 |  1.3
Bows           | 3 |  3.1
Throwing       | 3 |  3.1
Armour         | 3 |  3.1
Fighting       | |  8.7
Axes           | |  4.9
Stealth        | |  2.9

Action                   |  1- 3 |  4- 6 || total
-------------------------+-------+-------++-------
Melee: Hand axe          |   101 |   147 ||   248
       Bite              |     8 |    17 ||    25
 Fire: Blowgun           |     2 |       ||     2
  Use: Scroll            |       |     5 ||     5
 Stab: Sleeping          |     4 |     4 ||     8
  Eat: Chunk             |     1 |     6 ||     7
Armor: Robe              |    11 |       ||    11
       Leather armour    |       |    19 ||    19
Dodge: Dodged            |    18 |    29 ||    47
Block: Large shield      |    54 |    88 ||   142

Table legend:
 A = Non-vault XP
 B = Vault XP
 C = Vault XP percentage of total XP
 D = Non-vault monster count
 E = Vault monster count
 F = Vault count percentage of total count
                 A         B        C        D         E       F
            +---------+---------+-------+---------+---------+-------
      Total |     320 |       4 |   1.2 |      60 |       3 |   4.8
            +---------+---------+-------+---------+---------+-------
        D:1 |      32 |       0 |   0.0 |      20 |       0 |   0.0
        D:2 |      48 |       4 |   7.7 |      14 |       3 |  17.6
        D:3 |      92 |       0 |   0.0 |      19 |       0 |   0.0
        D:4 |     148 |       0 |   0.0 |       7 |       0 |   0.0
            +---------+---------+-------+---------+---------+-------
